 Dungeon Crawl Stone Soup version 0.21-a0-329-g12f17e1 (webtiles) character file.

93 Monsterracer the Magician (level 4, -1/32 HPs)
             Began as a Gnoll Wizard on Oct 1, 2017.
             Slain by a scorpion (8 damage)
             ... on level 3 of the Dungeon.
             The game lasted 00:05:20 (2961 turns).

Monsterracer the Magician (Gnoll Wizard)            Turns: 2961, Time: 00:05:20

Health: -1/32      AC:  5    Str: 10    XL:     4   Next: 61%
Magic:  0/13       EV: 14    Int: 21    God:
Gold:   194        SH:  0    Dex: 13    Spells: 8/17 levels left

rFire    + . .     SeeInvis .   r - -3 hunting sling (curse)
rCold    x . .     Gourm    .   (no shield)
rNeg     . . .     Faith    .   i - +0 robe
rPois    .         Spirit   .   k - +2 hat
rElec    .         Reflect  .   (no cloak)
rCorr    .         Harm     .   (no gloves)
MR       .....                  p - +0 pair of boots
Stlth    +++.......             (no amulet)
HPRegen  0.10/turn              h - ring of fire
MPRegen  0.13/turn              (no ring)

@: lethally poisoned (-1 -> -4)
A: distributed training, fangs 1, strong nose
a: no special abilities


You were on level 3 of the Dungeon.
You were not hungry.

You visited 1 branch of the dungeon, and saw 3 of its levels.

You collected 194 gold pieces.

Inventory:

Hand Weapons
 a - a +0 dagger
 b - a +0 spear
 r - a cursed -3 hunting sling (weapon)
Missiles
 e - 30 arrows
Armour
 i - a +0 robe (worn)
 k - a +2 hat (worn)
 p - a +0 pair of boots (worn)
 q - a cursed +0 leather armour
Jewellery
 h - a ring of fire (left hand)
Scrolls
 n - a scroll of amnesia
Potions
 c - a potion of mutation {unknown}
 f - a potion of agility {unknown}
 g - a potion of ambrosia {unknown}
 l - a potion of magic
Comestibles
 d - 3 bread rations
 m - a chunk of flesh


   Skills:
 + Level 1.2 Fighting
 + Level 1.2 Short Blades
 + Level 1.2 Long Blades
 + Level 1.2 Axes
 + Level 1.2 Maces & Flails
 + Level 1.2 Polearms
 + Level 1.2 Staves
 + Level 1.2 Slings
 + Level 1.2 Bows
 + Level 1.2 Crossbows
 + Level 1.2 Throwing
 + Level 1.2 Armour
 + Level 4.6 Dodging
 + Level 4.3 Stealth
   Level 0.0 Stabbing
 + Level 1.2 Shields
   Level 0.0 Traps
 + Level 1.2 Unarmed Combat
 + Level 7.2 Spellcasting
 + Level 2.8 Conjurations
 + Level 1.2 Hexes
 + Level 1.2 Charms
 + Level 2.8 Summonings
 + Level 1.2 Necromancy
 + Level 2.8 Translocations
 + Level 1.2 Transmutations
 + Level 1.2 Fire Magic
 + Level 1.2 Ice Magic
 + Level 1.2 Air Magic
 + Level 1.2 Earth Magic
 + Level 1.2 Poison Magic
 + Level 1.2 Invocations
 + Level 1.2 Evocations


You had 8 spell levels left.
You knew the following spells:

 Your Spells              Type           Power        Failure   Level  Hunger
a - Magic Dart            Conj           ###.         2%          1    None
b - Conjure Flame         Conj/Fire      ###.....     12%         3    None
c - Mephitic Cloud        Conj/Pois/Air  ##......     13%         3    None
e - Blink                 Tloc           N/A          4%          2    None


Dungeon Overview and Level Annotations

Branches:
Dungeon (3/15)

Altars:


Innate Abilities, Weirdness & Mutations

Your experience applies equally to all skills.
You have very sharp teeth.
Your uncanny sense of smell can sniff out nearby items.


Message History

Confirm with . or Enter, or press ? or * to list all spells.
Aiming: Magic Dart
Press: ? - help, Shift-Dir - straight line, f/p - scorpion
Aim: a scorpion (almost dead)
The magic dart hits the scorpion.
The scorpion is almost dead.
* * * LOW MAGIC WARNING * * *
The scorpion stings you.
* * * LOW HITPOINT WARNING * * *
Huge Dmg: -15%(-5hp) hp: 35%(11hp) Unknown command.
Okay, then.
You feel sick. The scorpion closely misses you.
Damage: -3%(-1hp) hp: 32%(10hp)
The scorpion stings you.
* * * LOW HITPOINT WARNING * * *
Damage: -7%(-2hp) hp: 25%(8hp)
You feel sick.
Damage: -3%(-1hp) hp: 22%(7hp) Unknown command.
Casting: Magic Dart
Confirm with . or Enter, or press ? or * to list all spells.
Aiming: Magic Dart
Press: ? - help, Shift-Dir - straight line, f/p - scorpion
Aim: a scorpion (almost dead)
The magic dart hits the scorpion.
The scorpion is almost dead.
* * * LOW MAGIC WARNING * * *
You feel sick. The scorpion stings you!
You die...

####### #.....#
#.....# ##.....###
#.......$#
#........# #.#
#.....s..# ...#
#......@.#....#
#.(......#....#
#........#....#
#..............
#..(...>.......
#........####.
#........####.#
#######+#.....#..#
#)#.#####..#


You could see a scorpion.

Vanquished Creatures
  3 adders
  A dart slug (D:1)
  2 leopard geckos
  4 orcs (D:3)
  2 ball pythons
  4 bats
  2 giant cockroaches
  9 goblins
  15 hobgoblins
  A quokka (D:3)
  A frilled lizard (D:1)
  A kobold (D:3)
  6 rats
51 creatures vanquished.

Notes
Turn   | Place    | Note
-------+----------+-------------------------------------------
     0 | D:1      | Monsterracer the Gnoll Wizard began the quest for the Orb.
     0 | D:1      | Reached XP level 1. HP: 13/13 MP: 8/8
   391 | D:1      | Reached XP level 2. HP: 19/19 MP: 3/10
   801 | D:1      | Reached XP level 3. HP: 25/25 MP: 5/11
   806 | D:1      | Learned a level 3 spell: Conjure Flame
   810 | D:1      | Learned a level 3 spell: Mephitic Cloud
   818 | D:1      | Learned a level 2 spell: Blink
  1524 | D:2      | Reached skill level 1 in Fighting
  1524 | D:2      | Reached skill level 1 in Short Blades
  1524 | D:2      | Reached skill level 1 in Long Blades
  1524 | D:2      | Reached skill level 1 in Axes
  1524 | D:2      | Reached skill level 1 in Maces & Flails
  1524 | D:2      | Reached skill level 1 in Polearms
  1524 | D:2      | Reached skill level 1 in Staves
  1524 | D:2      | Reached skill level 1 in Slings
  1524 | D:2      | Reached skill level 1 in Bows
  1524 | D:2      | Reached skill level 1 in Crossbows
  1524 | D:2      | Reached skill level 1 in Throwing
  1524 | D:2      | Reached skill level 1 in Armour
  1524 | D:2      | Reached skill level 1 in Shields
  1524 | D:2      | Reached skill level 1 in Unarmed Combat
  1524 | D:2      | Reached skill level 1 in Hexes
  1524 | D:2      | Reached skill level 1 in Charms
  1524 | D:2      | Reached skill level 1 in Necromancy
  1524 | D:2      | Reached skill level 1 in Transmutations
  1524 | D:2      | Reached skill level 1 in Fire Magic
  1524 | D:2      | Reached skill level 1 in Ice Magic
  1524 | D:2      | Reached skill level 1 in Air Magic
  1524 | D:2      | Reached skill level 1 in Earth Magic
  1524 | D:2      | Reached skill level 1 in Poison Magic
  1524 | D:2      | Reached skill level 1 in Invocations
  1524 | D:2      | Reached skill level 1 in Evocations
  1621 | D:2      | Reached XP level 4. HP: 32/32 MP: 10/13
  2554 | D:3      | HP: 14/32 [adder (3)]
  2559 | D:3      | HP: 13/32 [poisoned by an adder]
  2567 | D:3      | HP: 10/32 [poisoned by an adder]
  2574 | D:3      | HP: 9/32 [leopard gecko (2)]
  2580 | D:2      | HP: 9/32 [leopard gecko (1)]
  2948 | D:3      | HP: 13/32 [scorpion (4)]
  2948 | D:3      | HP: 4/32 [scorpion (9)]
  2953 | D:3      | HP: 16/32 [poisoned by a scorpion]
  2957 | D:3      | HP: 7/32 [poisoned by a scorpion]
  2961 | D:3      | Slain by a scorpion

Vault maps used:
D:1:      minmay_arrival_stair_chambers, minmay_misc_feat_chi,
          kennysheep_pointless_box
D:3:      first_bread

Skill      XL: |  1  2  3 |
---------------+----------+-----
Fighting       | 1 |  1.2
Short Blades   | 1 |  1.2
Long Blades    | 1 |  1.2
Axes           | 1 |  1.2
Maces & Flails | 1 |  1.2
Polearms       | 1 |  1.2
Staves         | 1 |  1.2
Slings         | 1 |  1.2
Bows           | 1 |  1.2
Crossbows      | 1 |  1.2
Throwing       | 1 |  1.2
Armour         | 1 |  1.2
Shields        | 1 |  1.2
Unarmed Combat | 1 |  1.2
Hexes          | 1 |  1.2
Charms         | 1 |  1.2
Necromancy     | 1 |  1.2
Transmutations | 1 |  1.2
Fire Magic     | 1 |  1.2
Ice Magic      | 1 |  1.2
Air Magic      | 1 |  1.2
Earth Magic    | 1 |  1.2
Poison Magic   | 1 |  1.2
Invocations    | 1 |  1.2
Evocations     | 1 |  1.2
Dodging        | |  4.6
Stealth        | |  4.3
Spellcasting   | |  7.2
Conjurations   | |  2.8
Summonings     | |  2.8
Translocations | |  2.8

Action                   |  1- 3 |  4- 6 || total
-------------------------+-------+-------++-------
Melee: Whip              |     4 |       ||     4
       Unarmed           |     2 |       ||     2
       Bite              |     1 |       ||     1
       Dagger            |    20 |       ||    20
Throw: Javelin           |     4 |    16 ||    20
 Cast: Magic Dart        |    48 |    56 ||   104
       Mephitic Cloud    |       |     2 ||     2
  Use: Scroll            |     6 |     1 ||     7
       Potion            |       |     1 ||     1
 Stab: Sleeping          |     3 |       ||     3
  Eat: Chunk             |     2 |     4 ||     6
Armor: Robe              |     4 |     5 ||     9
Dodge: Dodged            |    25 |    44 ||    69

Table legend:
 A = Spawn XP
 B = Non-spawn XP
 C = Spawn XP percentage of total XP
 D = Spawn monster count
 E = Non-spawn monster count
 F = Spawn count percentage of total count
 G = Total turns spent on level
                    A         B        C        D         E        F      G
               +---------+---------+-------+---------+---------+-------+---------
         Total |       0 |     133 |   0.0 |       0 |      51 |   0.0 |  2961
               +---------+---------+-------+---------+---------+-------+---------
           D:1 |       0 |      44 |   0.0 |       0 |      23 |   0.0 |  1294
           D:2 |       0 |      52 |   0.0 |       0 |      16 |   0.0 |  1401
           D:3 |       0 |      37 |   0.0 |       0 |      12 |   0.0 |   266
               +---------+---------+-------+---------+---------+-------+---------

Vault maps used:
D:1:      minmay_arrival_stair_chambers, minmay_misc_feat_chi,
          kennysheep_pointless_box
D:3:      first_bread
